 Dungeon Crawl Stone Soup version 0.21-a0-476-gd103f4b (webtiles) character file.

109 tof the Slasher (level 4, -2/35 HPs)
             Began as a Demonspawn Berserker on Nov 22, 2017.
             Was a Believer of Trog.
             Slain by Crazy Yiuf
             ... wielding a +3 quarterstaff of chaos
              (5 damage)
             ... on level 2 of the Dungeon.
             The game lasted 00:02:41 (2397 turns).

tof the Slasher (Demonspawn Berserker)              Turns: 2397, Time: 00:02:41

Health: -2/35      AC:  5    Str: 18    XL:     4   Next: 60%
Magic:  0/4        EV: 12    Int:  8    God:    Trog [**....]
Gold:   133        SH:  0    Dex: 13    Spells: 3/3 levels left

rFire    . . .     SeeInvis .   a - +0 falchion
rCold    . . .     Gourm    .   (no shield)
rNeg     + . .     Faith    .   o - +0 leather armour (curse)
rPois    .         Spirit   .   (no helmet)
rElec    .         Reflect  .   (no cloak)
rCorr    .         Harm     .   (no gloves)
MR       ++...                  (no boots)
Stlth    +.........             (no amulet)
HPRegen  1.11/turn              e - ring of positive energy
MPRegen  0.09/turn              (no ring)

@: regenerating, slowed, very slow
A: claws 1, thin metallic scales 1, rot immunity
a: Berserk, Trog's Hand, Burn Spellbooks, Renounce Religion


You were on level 2 of the Dungeon.
You worshipped Trog.
Trog was pleased with you.
You were not hungry.

You visited 1 branch of the dungeon, and saw 2 of its levels.

You collected 133 gold pieces.

Inventory:

Hand Weapons
 a - a +0 falchion (weapon)
Missiles
 g - 8 needles of sleeping
Armour
 o - a cursed +0 leather armour (worn)
Jewellery
 b - a +4 ring of intelligence {unknown}
 e - a ring of positive energy (left claw)
Wands
 s - a wand of paralysis (13)
Scrolls
 f - 2 scrolls of identify {unknown}
 h - 2 scrolls of fear {unknown}
 k - 2 scrolls of amnesia {unknown}
 l - a scroll of immolation {unknown}
 m - a scroll of enchant weapon {unknown}
Potions
 d - a potion of haste {unknown}
 j - a potion of mutation {unknown}
 n - a potion of curing {unknown}
 r - a potion of brilliance {unknown}
Comestibles
 c - 2 bread rations
 i - a meat ration
 q - a royal jelly


   Skills:
 + Level 3.5 Fighting
 * Level 3.7 Long Blades
 + Level 2.5 Armour
 + Level 2.5 Dodging


You had 3 spell levels left.
You didn't know any spells.

Dungeon Overview and Level Annotations

Branches:
Dungeon (2/15)

Altars:
Xom

Annotations:
D:2 Crazy Yiuf


Innate Abilities, Weirdness & Mutations

You have sharp fingernails.
You are partially covered in thin metallic scales. (AC +2)
You are immune to rotting.


Message History

Crazy Yiuf is lightly wounded.
Crazy Yiuf hits you with a quarterstaff of chaos!
You hit Crazy Yiuf.
Crazy Yiuf is moderately wounded.
Crazy Yiuf says, "Paint unthinkable down!"
Crazy Yiuf barely misses you.
You hit Crazy Yiuf but do no damage.
Crazy Yiuf is moderately wounded.
Crazy Yiuf hits you with a quarterstaff of chaos!
* * * LOW HITPOINT WARNING * * *
You feel yourself slow down.
Crazy Yiuf hits you with a quarterstaff of chaos.
* * * LOW HITPOINT WARNING * * *
Crazy Yiuf freezes you.
* * * LOW HITPOINT WARNING * * *
Your skin crawls.
You feel resistant to hostile enchantments.
You feel somewhat more hungry.
Crazy Yiuf hits you with a quarterstaff of chaos.
You die...

#....+.....#
#<............
#....###.#.#
#.............
######....#
#.#.#
#.............
#.........#
#####
###...........
###.##....#
#...........
#.##....#
#####
#..........(
#.#####.#
#)..#
#..###......
#.# #.# #.g)#
#..# #######
#.# #.# #)@)#
#..# #.# #.#
#.# ##'## ##.#
#.# #.# #.#
♣.♣♣ #.# #.#
#.#####.# ♣♣.♣
##.####.####
#.......# ♣.♣♣
#...........
######### ♣♣.♣
####...<####
♣♣.♣♣
#.##.##..(..
♣♣..)♣
#.##.#######
♣.♣..♣ #....#


You could see Crazy Yiuf.

Vanquished Creatures
  4 adders (D:2)
  An ooze (D:1)
  A worm (D:2)
  4 dart slugs
  A leopard gecko (D:1)
  A ball python (D:1)
  3 giant cockroaches
  10 goblins
  8 hobgoblins
  4 jackals (D:2)
  A quokka (D:2)
  8 bats
  2 frilled lizards (D:1)
  A kobold (D:1)
  3 rats
52 creatures vanquished.

Notes
Turn   | Place    | Note
-------+----------+-------------------------------------------
     0 | D:1      | tof the Demonspawn Berserker began the quest for the Orb.
     0 | D:1      | Reached XP level 1. HP: 18/18 MP: 1/1
   155 | D:1      | Gained mutation: You have sharp fingernails. [demonic ancestry]
   155 | D:1      | Reached XP level 2. HP: 12/24 MP: 2/2
   983 | D:1      | Gained mutation: You are partially covered in thin metallic scales. (AC +2) [demonic ancestry]
   983 | D:1      | Reached XP level 3. HP: 26/29 MP: 3/3
  1317 | D:2      | Reached ** piety under Trog
  1353 | D:2      | Found a shimmering altar of Xom.
  1721 | D:2      | Gained mutation: You are immune to rotting. [demonic ancestry]
  1721 | D:2      | Reached XP level 4. HP: 35/35 MP: 4/4
  1983 | D:2      | Found a runed door.
  2386 | D:2      | Noticed Crazy Yiuf
  2397 | D:2      | Slain by Crazy Yiuf

Vault maps used:
D:1:      minmay_arrival_stone_box, minmay_tromino_mix6
D:2:      cheibrodos_greedy_goblins, overflow_temple_1_default,
          uniq_crazy_yiuf_cottage

Skill      XL: |  1 |
---------------+----+-----
Long Blades    | 3 |  3.7
Armour         | 2 |  2.5
Dodging        | 2 |  2.5
Fighting       | |  3.5

Action                   |  1- 3 |  4- 6 || total
-------------------------+-------+-------++-------
Melee: Falchion          |   112 |    58 ||   170
Invok: Trog's Hand       |     1 |     1 ||     2
       Berserk           |     1 |       ||     1
  Eat: Chunk             |     3 |     3 ||     6
Armor: Animal skin       |    25 |       ||    25
       Leather armour    |    22 |    23 ||    45
Dodge: Dodged            |   100 |    44 ||   144
       Rpst.: Falchion   |    29 |    13 ||    42

Table legend:
 A = Spawn XP
 B = Non-spawn XP
 C = Spawn XP percentage of total XP
 D = Spawn monster count
 E = Non-spawn monster count
 F = Spawn count percentage of total count
 G = Total turns spent on level
                    A         B        C        D         E        F      G
               +---------+---------+-------+---------+---------+-------+---------
         Total |       0 |     157 |   0.0 |       0 |      52 |   0.0 |  2397
               +---------+---------+-------+---------+---------+-------+---------
           D:1 |       0 |      47 |   0.0 |       0 |      21 |   0.0 |  1149
           D:2 |       0 |     110 |   0.0 |       0 |      31 |   0.0 |  1248
               +---------+---------+-------+---------+---------+-------+---------
